 Dungeon Crawl Stone Soup version 0.32-a0-834-geaf45d8e21 (webtiles) character file.

Game seed: 10854251037133410281

44 Pooter the Chopper (level 3, -3/33 HPs)
             Began as a Minotaur Berserker on Mar 25, 2024.
             Was a Follower of Trog.
             Succumbed to a gnoll's poison
             ... on level 2 of the Dungeon.
             The game lasted 00:04:27 (1025 turns).

Pooter the Chopper (Minotaur Berserker)             Turns: 1025, Time: 00:04:28

Health: -3/33      AC:  2    Str: 23    XL:     3   Next: 39%
Magic:  2/2        EV: 11    Int:  4    God:    Trog [*.....]
Gold:   73         SH:  0    Dex:  9    Spells: 2/2 levels left

rFire   . . .        a - +1 hand axe (venom)
rCold   . . .        (no shield)
rNeg    . . .        b - +0 animal skin
rPois   .            (helmet restricted)
rElec   .            (no cloak)
rCorr   .            (no gloves)
SInv    .            (no boots)
Will    .....        (no amulet)
Stlth   +            (no ring)
HPRegen 0.25/turn    (no ring)
MPRegen 0.08/turn

%: no passive effects
@: lethally poisoned (-3 -> -31)
A: horns 2, retaliatory headbutt
a: Renounce Religion, Berserk


You were on level 2 of the Dungeon.
You worshipped Trog.
Trog was aware of your devotion.
You visited 1 branch of the dungeon, and saw 2 of its levels.

You collected 73 gold pieces.

Inventory:

Hand Weapons
 a - a +1 hand axe of venom (weapon)
   (You found it on level 1 of the Dungeon)
 d - a +0 hand axe
 h - a +0 trident
   (You found it on level 1 of the Dungeon)
Missiles
 j - 3 atropa-tipped darts
 Q - 7 stones (quivered)
Armour
 b - a +0 animal skin (worn)
Scrolls
 c - a scroll of amnesia {unknown}
 e - a scroll of enchant weapon {unknown}
 f - a scroll of blinking
Potions
 g - a potion of ambrosia {unknown}
 i - a potion of heal wounds {unknown}


   Skills:
 + Level 4.1 Fighting
 * Level 4.6 Axes
 + Level 1.2 Throwing
 - Level 2.4 Armour
 - Level 2.1 Dodging


You had 2 spell levels left.
You didn't know any spells.
Your spell library was empty.

Dungeon Overview and Level Annotations

Branches:
Dungeon (2/15) Zot: 10967

Altars:


Innate Abilities, Weirdness & Mutations

You have a pair of horns on your head.
You reflexively headbutt those who attack you in melee.


Message History

It was a scroll of blinking.
A hobgoblin comes into view.
The hobgoblin shouts!
The hobgoblin hits you.
You hit the hobgoblin.
You kill the hobgoblin!
Trog accepts your kill.
Found 15 gold pieces.
You now have 73 gold pieces (gained 15).
Found a stone staircase leading up.
You open the door.
A gnoll and 2 jackals come into view.
The gnoll is wielding a +1 spear of venom and quivering 2 throwing nets.
The jackal barks!
The gnoll shouts!
You hit the jackal.
The jackal is poisoned.
You hit the bush but do no damage. You hit the bush. The jackal bites you.
You hit the jackal.
You kill the jackal!
Trog accepts your kill.
You hit the bush but do no damage. You hit the bush.
The gnoll hits you from afar with a +1 spear of venom!
You are poisoned.
You hit the jackal. You hit the bush but do no damage. x2
You feel very sick.
The jackal bites you but does no damage. x2
The gnoll completely misses you.
You slash the jackal!
You kill the jackal!
Trog accepts your kill.
You hit the bush but do no damage. You hit the bush.
You feel sick. The gnoll closely misses you.
You are too injured to fight recklessly!
You are too injured to fight recklessly!
You feel sick.
The gnoll hits you with a +1 spear of venom.
* * * LOW HITPOINT WARNING * * *
You are more poisoned.
There is an open door, spattered with blood here.
You see here a jackal corpse.
You slash the gnoll! You hit the bush but do no damage. x2
The bush is poisoned.
* * * LOW HITPOINT WARNING * * *
You feel very sick.
The gnoll hits you with a +1 spear of venom!
* * * LOW HITPOINT WARNING * * *
You are more poisoned.
You barely miss the gnoll. You hit the bush but do no damage. x2
The bush looks as sick as possible!
You die...

#### #..# #..#
#+#+#P.###
#...@....##
#..g#P.#..###########
#...#..##...........#
#####..####.#######.#
#### #.# #.# .. #.#
#.# #.# ..# #.# #.#
### #####.. #.#
#......


You could see a gnoll.

Vanquished Creatures
  2 ribbon worms (D:2)
  A dart slug (D:1)
  5 ball pythons
  4 endoplasms
  A giant cockroach (D:1)
  4 goblins (D:1)
  4 hobgoblins
  2 jackals (D:2)
  A quokka (D:1)
  6 bats
  3 kobolds (D:1)
33 creatures vanquished.

Notes
Turn   | Place    | Note
-------+----------+-------------------------------------------
     0 | D:1      | Pooter the Minotaur Berserker began the quest for the Orb.
     0 | D:1      | Reached XP level 1. HP: 19/19 MP: 0/0
   177 | D:1      | Reached XP level 2. HP: 20/27 MP: 1/1
   374 | D:1      | Reached skill level 1 in Throwing
   753 | D:2      | Reached XP level 3. HP: 32/33 MP: 2/2
  1025 | D:2      | Succumbed to a gnoll's poison

Illustrated notes

Levels and vault maps discovered:
D:1:      orjb1_lava_funnel, layout_loops_ring, hangedman_decor_clover_reticule,
          chequers_serial_rivers_micro_e, serial_bayou_lagoon_a
D:2:      layout_loops_ring, cheibrodos_gnoll_hut

Skill      XL: |  1  2 |
---------------+-------+-----
Axes           | 4 |  4.6
Fighting       | 4 |  4.1
Throwing       | 1 |  1.2
Armour         | |  2.4
Dodging        | |  2.1

Action                     || total
---------------------------++-------
  Melee: Hand axe          ||    52
         Headbutt          ||     7
    Use: Scroll            ||     1
 Armour: Animal skin       ||    33
  Dodge: Dodged            ||    42

Table legend: (Time is in decaauts)
 A = Elapsed time spent in this place.
 B = Non-inter-level travel time spent in this place.
 C = Inter-level travel time spent in this place.
 D = Time resting spent in this place.
 E = Time spent auto-exploring this place.
 F = Levels seen in this place.
 G = Mean time per level.
                   A        B        C        D        E       F      G
               +--------+--------+--------+--------+--------+-----+--------+
         Total |   1032 |    994 |     38 |      0 |    802 |   2 |  516.0 |
       Dungeon |   1032 |    994 |     38 |      0 |    802 |   2 |  516.0 |
               +--------+--------+--------+--------+--------+-----+--------+

Top non-repeatable levels by time:
     D:1: 723 daAuts
     D:2: 309 daAuts
